 Dungeon Crawl Stone Soup version 0.29.1-15-g9cfb28693d (webtiles) character file.

Game seed: 16793120229284301254

44 Barneous the Charlatan (level 3, 0/24 HPs)
             Began as a Human Wanderer on Feb 24, 2023.
             Slain by a jackal (2 damage)
             ... on level 2 of the Dungeon.
             The game lasted 00:06:20 (2147 turns).

Barneous the Charlatan (Human Wanderer)             Turns: 2147, Time: 00:06:20

Health: 0/24       AC:  2    Str: 14    XL:     3   Next: 87%
Magic:  5/5        EV: 11    Int: 14    God:
Gold:   37         SH:  0    Dex: 10    Spells: 1/4 levels left

rFire   . . .      SeeInvis .   f - +0 mace
rCold   . . .      Faith    .   (no shield)
rNeg    . . .      Spirit   .   c - +0 robe
rPois   +          Reflect  .   (no helmet)
rElec   .          Harm     .   (no cloak)
rCorr   .          Rampage  .   (no gloves)
Will    .....      Rage     3%  (no boots)
Stlth   +.........              (no amulet)
HPRegen 0.08/turn               g - ring of poison resistance
MPRegen 0.09/turn               (no ring)

@: no status effects
A: berserk 1, sense surroundings 1, inability to read after injury 1
a: no special abilities


You were on level 2 of the Dungeon.
You visited 1 branch of the dungeon, and saw 2 of its levels.

You collected 37 gold pieces.

Inventory:

Hand Weapons
 f - a +0 mace (weapon)
Armour
 c - a +0 robe (worn)
Jewellery
 g - a ring of poison resistance (left hand)
Wands
 b - a wand of polymorph (6)
Scrolls
 e - 2 scrolls of teleportation
 h - a scroll of brand weapon {unknown}
Potions
 d - a potion of ambrosia


   Skills:
 + Level 1.5 Throwing
 + Level 1.4 Armour
 + Level 1.4 Unarmed Combat
 + Level 1.4 Spellcasting
 + Level 2.3 Air Magic
 + Level 1.5 Invocations
 + Level 3.2 Evocations


You had one spell level left.
You knew the following spells:

 Your Spells              Type           Power      Damage    Failure   Level
a - Shock                 Conj/Air       16%        1d4       16%         1
b - Poisonous Vapours     Pois/Air       8%         N/A       24%         2

Your spell library contained the following spells:

 Spells                   Type           Power      Damage    Failure   Level
 Beastly Appendage        Tmut           0%         N/A       26%         1
 Sandblast                Erth           0%         2d4       26%         1
 Passwall                 Tmut/Erth      0%         N/A       36%         2
 Wereblood                Tmut           0%         N/A       36%         2
 Spider Form              Tmut/Pois      0%         N/A       58%         3
 Stone Arrow              Conj/Erth      0%         3d7       58%         3
 Summon Guardian Golem    Hex/Summ       0%         N/A       58%         3
 Corpse Rot               Necr/Pois/Air  3%         N/A       88%         4
 Anguish                  Hex/Necr       0%         N/A       94%         4
 Silence                  Hex/Air        2%         N/A       99%         5
 Blade Hands              Tmut           0%         N/A       100%        5
 Summon Forest            Summ/Tloc      0%         N/A       100%        5
 Summon Mana Viper        Hex/Summ       0%         N/A       100%        5
 Yara's Violent Unravell  Hex/Tmut       0%         3d3       100%        5
 Summon Cactus Giant      Summ           0%         N/A       100%        6
 Dragon Form              Tmut           0%         N/A       100%        7


Dungeon Overview and Level Annotations

Branches:
Dungeon (2/15)

Altars:


Innate Abilities, Weirdness & Mutations

You sometimes lose your temper in combat.
You passively map a small area around you.
You occasionally lose the ability to read scrolls when taking damage.


Message History

The ball python bites you but does no damage.
The ball python constricts you. The jackal barely misses you.
The ball python bites you.
* * * LOW HITPOINT WARNING * * *
The ball python constricts you.
You hit the ball python.
The ball python is severely wounded.
The jackal bites you but does no damage.
The ball python bites you.
* * * LOW HITPOINT WARNING * * *
The ball python constricts you. The jackal barely misses you.
You hit the ball python.
You kill the ball python!
The jackal bites you but does no damage.
The jackal bites you.
* * * LOW HITPOINT WARNING * * *
The jackal barely misses you.
You hit the jackal.
You kill the jackal!
The jackal closely misses you. The rat closely misses you.
The jackal bites you but does no damage.
You barely miss the rat. The jackal barely misses you.
The rat barely misses you. The jackal closely misses you.
You hit the rat.
You kill the rat!
The jackal bites you.
* * * LOW HITPOINT WARNING * * *
The jackal closely misses you. The jackal barely misses you.
Things that are here:
a rat corpse; a jackal corpse The jackal bites you but does no damage.
The jackal barely misses you. The jackal attacks as you move away!
The jackal bites you but does no damage.
The jackal barely misses you.
You closely miss the jackal.
The jackal is moderately wounded.
The jackal bites you.
You die...

### #### #.... ,#
. * , , #.#
...#*##. * *
##.###..##.. ,
#.<........# # *
#.#.##..#..#.# ,
#.#.# ..... ,
#.#.#####.##### *
#.#.##.†....h@#, *
#
#.#...#.......#,*
####.##.###......#
.......## ##.....#
, ###.....#
#......# #
#.#..#.#.......#
#..#.##........# *
* #.##.##.########
..>... ,


You could see a jackal.

Vanquished Creatures
  An adder (D:2)
  A dart slug (D:1)
  2 ball pythons
  3 bats
  4 endoplasms
  4 goblins (D:1)
  2 hobgoblins (D:1)
  3 jackals
  A kobold (D:1)
  3 quokkas
  A frilled lizard (D:1)
  5 rats
30 creatures vanquished.

Notes
Turn   | Place    | Note
-------+----------+-------------------------------------------
     0 | D:1      | Barneous the Human Wanderer began the quest for the Orb.
     0 | D:1      | Barneous set off with the following items: a +0 club, a
                  | wand of polymorph (6), a potion of mutation, a +0 leather
                  | armour, a scroll of teleportation; and the following spell
                  | memorised: Shock; and the following spells available to
                  | memorise: Poisonous Vapours, Corpse Rot.
     0 | D:1      | Reached XP level 1. HP: 13/13 MP: 2/2
     0 | D:1      | Gained mutation: You occasionally lose the ability to read
                  | scrolls when taking damage. [potion of mutation]
     0 | D:1      | Gained mutation: You passively map a small area around you.
                  | [potion of mutation]
     0 | D:1      | Gained mutation: You sometimes lose your temper in combat.
                  | [potion of mutation]
   166 | D:1      | Reached XP level 2. HP: 4/19 MP: 1/3
   914 | D:1      | Learned a level 2 spell: Poisonous Vapours
  1076 | D:1      | Reached XP level 3. HP: 24/24 MP: 2/4
  1531 | D:1      | Found a faded altar of an unknown god.
  2119 | D:2      | Identified a scroll of acquirement
  2119 | D:2      | Acquired the Omnibus of Baleful Changing
  2139 | D:2      | HP: 1/24 [jackal (2)]
  2147 | D:2      | Slain by a jackal

Illustrated notes

Levels and vault maps discovered:
D:1:      giann_wishing_wells, layout_rooms,
          hellmonk_ecumenical_altar_heavens_door
D:2:      layout_loops_cross, uniq_robin

Action                   || total
-------------------------++-------
Melee: Club              ||    47
       Mace              ||    21
 Cast: Shock             ||    41
  Use: Potion            ||     4
       Scroll            ||     4
Armor: Leather armour    ||    11
       Robe              ||    18
Dodge: Dodged            ||    64
